 Dungeon Crawl Stone Soup version 0.27-a0-1548-gf8a67e7463 (webtiles) character file.

Game seed: 11798381511208042275

44 tilp the Caller (level 3, -4/27 HPs)
             Began as a Barachi Summoner on July 13, 2021.
             Killed by divine providence
             ... invoked by an orc priest
              (15 damage)
             ... on level 3 of the Dungeon.
             The game lasted 00:03:51 (3798 turns).

tilp the Caller (Barachi Summoner)                  Turns: 3798, Time: 00:03:51

Health: -4/27      AC:  8    Str: 10    XL:     3   Next: 62%
Magic:  7/7        EV: 10    Int: 15    God:
Gold:   117        SH:  0    Dex: 12    Spells: 1/7 levels left

rFire    . . .     SeeInvis .   a - +0 trident
rCold    + . .     Faith    .   (no shield)
rNeg     . . .     Spirit   .   e - +1 ring mail
rPois    .         Reflect  .   (no helmet)
rElec    .         Harm     .   (no cloak)
rCorr    .         Rampage  .   (no gloves)
Will     .....                  d - +1 pair of boots
Stlth    ..........             i - amulet of magic regeneration
HPRegen  0.09/turn              m - ring of protection from cold
MPRegen  0.35/turn              (no ring)

@: confused, slow
A: amphibious, slowness 1, strong legs 1, +LOS
a: Hop


You were on level 3 of the Dungeon.
You visited 1 branch of the dungeon, and saw 3 of its levels.

You collected 117 gold pieces.

Inventory:

Hand Weapons
 a - a +0 trident (weapon)
 b - a +0 whip
Armour
 d - a +1 pair of boots (worn)
 e - a +1 ring mail (worn)
Jewellery
 i - an amulet of magic regeneration (around neck)
 m - a ring of protection from cold (left hand)
Scrolls
 h - a scroll of fear {unknown}
 j - a scroll of enchant armour
 k - a scroll of vulnerability {unknown}
 l - a scroll of teleportation
Potions
 c - a potion of mutation
 n - a potion of attraction {unknown}


   Skills:
 - Level 2.0 Fighting
 - Level 2.1 Dodging
 - Level 1.7 Stealth
 + Level 2.9 Spellcasting
 + Level 5.3 Summonings


You had one spell level left.
You knew the following spells:

 Your Spells              Type           Power      Damage    Failure   Level
a - Summon Small Mammal   Summ           72%        N/A       6%          1
b - Call Imp              Summ           18%        N/A       9%          2
c - Call Canine Familiar  Summ           18%        N/A       17%         3

Your spell library contained the following spells:

 Spells                   Type           Power      Damage    Failure   Level
 Corona                   Hex            2%         N/A       47%         1
 Summon Guardian Golem    Hex/Summ       10%        N/A       45%         3
 Ensorcelled Hibernation  Hex/Ice        4%         N/A       63%         2
 Gell's Gravitas          Tloc           1%         N/A       85%         3
 Spider Form              Tmut/Pois      1%         N/A       85%         3
 Teleport Other           Tloc           2%         N/A       85%         3
 Tukima's Dance           Hex            2%         N/A       85%         3
 Summon Lightning Spire   Summ/Air       10%        N/A       86%         4
 Dispersal                Tloc           1%         N/A       100%        6
 Shadow Creatures         Summ           N/A        N/A       100%        6


Dungeon Overview and Level Annotations

Branches:
Dungeon (3/15)

Altars:


Innate Abilities, Weirdness & Mutations

You are amphibious.
You cover ground slowly.
You can hop short distances.
You have an extended range of vision and can be seen from far away.


Message History

* * * LOW HITPOINT WARNING * * *
The orc wizard hits you but does no damage.
You barely miss the orc wizard.
The orc wizard is severely wounded.
The orc wizard hits you but does no damage.
Unknown command.
You barely miss the orc wizard.
The orc wizard is severely wounded.
The orc wizard hits you but does no damage.
Your crimson imp blinks!
Unknown command.
You barely miss the orc wizard.
The orc wizard is severely wounded.
The orc wizard gestures at you while chanting.
You resist with significant effort.
Unknown command.
You hit the orc wizard.
The orc wizard is severely wounded.
The orc wizard hits you but does no damage.
The frilled lizard hisses.
The orc wizard hits you but does no damage.
Unknown command.
You barely miss the orc wizard.
The orc wizard is severely wounded.
You feel less wooden.
Your +1 pair of boots unmelds from your body.
Your +1 ring mail unmelds from your body.
The orc wizard points at you and mumbles some strange words.
You are confused.
Are you sure you want to stumble around while confused and next to your crimson imp?
Okay, then.
Are you sure you want to stumble around while confused and next to your crimson imp?
Okay, then.
You're too confused to cast spells.
Unknown command.
The orc wizard hits you but does no damage.
The orc priest invokes the aid of Beogh against you.
Beogh smites you!
Ouch! That really hurt!
You die...

.............#..## #.#..#
#.##########.....####.###
#.# ##.....#.#.###.# #.#
#..............# #.#
#<.###.#.#.##### #.####
#..# ##...## #.##.###.)#
##.##
..#.#.##..#####.####
...###.#..##...5@oo# ..##
##...##.#####l#
>..###.##### #.# ..#.#..#
#.# ...#...# #o#
.#.#.(......J# #.#
.#.#...###l..o.....#
.#.#...# #.#o.#####
.#.#.... .o.


You could see an orc priest, an orc wizard (ally target), a frilled lizard and a
friendly crimson imp (summoned).

Vanquished Creatures
  A dart slug (D:3)
  An orc (D:3)
  A ball python (D:1)
  An endoplasm (D:2)
  A goblin (D:2)
  A hobgoblin (D:2)
  2 quokkas
  2 bats
  2 frilled lizards (D:2)
  2 kobolds (D:3)
  A rat (D:1)
15 creatures vanquished.

Vanquished Creatures (collateral kills)
  2 adders (D:3)
  2 endoplasms
  3 giant cockroaches
  A goblin (D:1)
  A hobgoblin (D:2)
  7 jackals
  A kobold (D:1)
  A quokka (D:2)
  3 ball pythons
  A frilled lizard (D:1)
22 creatures vanquished.

Grand Total: 37 creatures vanquished

Notes
Turn   | Place    | Note
-------+----------+-------------------------------------------
     0 | D:1      | tilp the Barachi Summoner began the quest for the Orb.
     0 | D:1      | Reached XP level 1. HP: 13/13 MP: 3/3
   260 | D:1      | Reached skill level 1 in Fighting
   500 | D:1      | Found a faded altar of an unknown god.
   658 | D:1      | Reached XP level 2. HP: 21/22 MP: 1/5
   885 | D:1      | Learned a level 2 spell: Call Imp
  1532 | D:2      | Reached skill level 5 in Summonings
  2363 | D:2      | Reached XP level 3. HP: 9/27 MP: 3/6
  2899 | D:2      | Learned a level 3 spell: Call Canine Familiar
  3798 | D:3      | Killed from afar by an orc priest

Illustrated notes

Levels and vault maps discovered:
D:1:      dpeg_arrival_rooms_b, layout_loops_ring,
          dreamdust_ecumenical_altar_statues
D:2:      layout_loops_corners
D:3:      layout_loops_ring, serial_shops, nicolae_diamond_shop

Skill      XL: |  1  2 |
---------------+-------+-----
Fighting       | 1 2 |  2.0
Summonings     | 5 |  5.3
Dodging        | |  2.1
Stealth        | |  1.7
Spellcasting   | |  2.9

Action                   || total
-------------------------++-------
Melee: Unarmed           ||    10
       Whip              ||    59
       Trident           ||    48
 Cast: Summon Small Mamm ||    14
       Call Imp          ||    29
       Call Canine Famil ||     2
  Use: Scroll            ||     7
       Potion            ||     2
 Stab: Sleeping          ||     1
Armor: Ring mail         ||    68
       Robe              ||     6
       Skin              ||    23
Dodge: Dodged            ||    73

Table legend: (Time is in decaauts)
 A = Elapsed time spent in this place.
 B = Non-inter-level travel time spent in this place.
 C = Inter-level travel time spent in this place.
 D = Time resting spent in this place.
 E = Time spent auto-exploring this place.
 F = Levels seen in this place.
 G = Mean time per level.
                   A        B        C        D        E       F      G
               +--------+--------+--------+--------+--------+-----+--------+
         Total |   4188 |   4101 |     87 |    875 |   2730 |   3 | 1396.0 |
       Dungeon |   4188 |   4101 |     87 |    875 |   2730 |   3 | 1396.0 |
               +--------+--------+--------+--------+--------+-----+--------+

Top non-repeatable levels by time:
     D:2: 1767 daAuts
     D:1: 1449 daAuts
     D:3: 972 daAuts
